 Dungeon Crawl Stone Soup version 0.28.0 (webtiles) character file.

Game seed: 4563149428395207577

15 Nonny the Charlatan (level 2, 0/14 HPs)
             Began as a Vine Stalker Wanderer on Feb 6, 2022.
             Killed from afar by a dart slug (4 damage)
             ... with a slug dart
             ... on level 1 of the Dungeon.
             The game lasted 00:06:28 (609 turns).

Nonny the Charlatan (Vine Stalker Wanderer)          Turns: 609, Time: 00:06:28

Health: 0/14       AC:  3    Str: 17    XL:     2   Next: 50%
Magic:  0/5        EV: 11    Int: 11    God:
Gold:   36         SH:  0    Dex: 11    Spells: 3/4 levels left

rFire   . . .      SeeInvis .   a - +2 mace
rCold   . . .      Faith    .   (no shield)
rNeg    . . .      Spirit   +   c - +0 leather armour
rPois   .          Reflect  .   (no helmet)
rElec   .          Harm     .   (no cloak)
rCorr   .          Rampage  .   (no gloves)
Will    .....                   (no boots)
Stlth   +.........              (no amulet)
HPRegen 0.04/turn               (no ring)
MPRegen 0.09/turn               (no ring)

@: no status effects
A: fangs 2, magic shield, antimagic bite, no potion heal 2
a: no special abilities


You were on level 1 of the Dungeon.
You visited 1 branch of the dungeon, and saw 1 of its levels.

You collected 36 gold pieces.

Inventory:

Hand Weapons
 a - a +2 mace (weapon)
Armour
 c - a +0 leather armour (worn)
Wands
 b - a wand of polymorph (6)
Scrolls
 d - 2 scrolls of teleportation {unknown}
 e - 3 scrolls of identify {unknown}


   Skills:
 + Level 1.0 Fighting
 + Level 2.0 Maces & Flails
 - Level 0.3 Stealth
 + Level 1.7 Spellcasting
 * Level 1.5 Hexes
 - Level 1.0 Invocations
 - Level 3.6 Evocations


You had 3 spell levels left.
You knew the following spells:

 Your Spells              Type           Power      Damage    Failure   Level
a - Slow                  Hex            16%        N/A       21%         1

Your spell library contained the following spells:

 Spells                   Type           Power      Damage    Failure   Level
 Dazzling Flash           Conj/Hex       4%         N/A       63%         3


Dungeon Overview and Level Annotations

Branches:
Dungeon (1/15)

Altars:


Innate Abilities, Weirdness & Mutations

You have extremely sharp teeth.
When hurt, damage is shared between your health and your magic reserves.
Your bite disrupts and absorbs the magic of your enemies.
Potions cannot restore your health.


Message History

The rat barely misses you.
You sock the rat!
You kill the rat!
You see here a rat corpse.
You now have 36 gold pieces (gained 10).
A hobgoblin comes into view.
The hobgoblin shouts!
Casting: Slow (safe; 21% risk of failure)
Confirm with . or Enter, or press ? or * to list all spells.
Aiming: Slow (safe; 21% risk of failure)
Press: ? - help, Shift-Dir - straight line, f - hobgoblin
Aim: a hobgoblin (chance to affect: 57%)
The hobgoblin seems to slow down.
You sock the hobgoblin!
You kill the hobgoblin!
You open the door.
There is an open door here.
You open the door.
There is an open door here.
As you close the door, it creaks loudly!
Enter note: Useless looping hallway in southeast corner.
Found a scroll labelled KASIRH WYMP.
Okay, then.
A dart slug comes into view.
The dart slug launches a dart at you. The slug dart hits you.
The dart slug launches a dart at you. The slug dart hits you.
* * * LOW HITPOINT WARNING * * *
You see here a scroll labelled KASIRH WYMP.
e - 3 scrolls labelled KASIRH WYMP (gained 1)
Casting: Slow (safe; 21% risk of failure)
Confirm with . or Enter, or press ? or * to list all spells.
Aiming: Slow (safe; 21% risk of failure)
Press: ? - help, Shift-Dir - straight line, f - dart slug
Aim: a dart slug (chance to affect: 57%)
The dart slug resists with significant effort.
The dart slug launches a dart at you. The slug dart hits you.
You die...

..PP....≈..#.#.#.###.
..P⌠⌠≈≈≈⌠..#.#.#.#
...........#.#.#.#
.##......#.#.#.#.#
.##..#...#.#.#.#.#
.##..#.....#.#.#.#
.##............#.#
...........#.###w#
.##.########...#@#
.............#.#.#
.## ######...†...# .#
.# #.#.#.### .# .#
#.#.#.# .##.# #.#.#.#
..#.######.#.#.#
#.#.#........#.#
#.).#........#.#


You could see a dart slug.

Vanquished Creatures
  2 endoplasms (D:1)
  3 goblins (D:1)
  2 hobgoblins (D:1)
  A bat (D:1)
  A frilled lizard (D:1)
  3 kobolds (D:1)
  A rat (D:1)
13 creatures vanquished.

Notes
Turn   | Place    | Note
-------+----------+-------------------------------------------
     0 | D:1      | Nonny the Vine Stalker Wanderer began the quest for the
                  | Orb.
     0 | D:1      | Nonny set off with the following items: a +2 mace, a wand
                  | of polymorph (6), a +0 leather armour; and the following
                  | spell memorised: Slow; and the following spells available
                  | to memorise: Dazzling Flash
     0 | D:1      | Reached XP level 1. HP: 10/10 MP: 3/3
    91 | D:1      | Starting vault: big chamber, 8 exterior points.
   201 | D:1      | Southwestern metal wall chamber is useless.
   389 | D:1      | Reached XP level 2. HP: 9/14 MP: 2/5
   489 | D:1      | Found a faded altar of an unknown god.
   580 | D:1      | Useless looping hallway in southeast corner.
   609 | D:1      | Killed from afar by a dart slug

Illustrated notes # . #. .#.# .## #.#.#.# . ..## #.#.#.##. . ##..##.#.#..... .. ##...##.#.....##.# #######..#..#........... ........#.#)........# .......#.(.#....@...# .# ..#######.#######...# .# ..# ##.......## #...##.# ..###.........###....#.# ..##...........##..#.#.# ..#.............#).#.).# .##.............##..#..# ###.............###....# # #......<......# ##...# Turn 91 on D:1: Starting vault: big chamber, 8 exterior points. #.......#..###...... ... +........#..##...... ....#........##..#...... ...#........#...##..... ..##............###.... #.###.#####.#...# ##... ##.# #..# #.##..####### #..####.####.##.......#. #...)).@..##...........# #..###+##.##.#......##.. ##.#....#.##.##########. #.#....#.##.# ## #.#....#.##.# # #.#....#.##.# #.#....#....# #.######..### #.........# Turn 201 on D:1: Southwestern metal wall chamber is useless.

...##..#.#.#........#.#
....#).#.).#........#.#
....##..#..#........#.#
....###....#........# ....#
##...#........#
....###....#........#
....##.....'........#
....#..#..##........#
...##..#..##....@...#
..###.........#+#.#...# .##
#.........#.#.#########
#####.........#.#.........#
.........>....#.#########.#
..............#.# #.#
........#######.# #.#
######### #.# #.### #.#
#...#


Turn 580 on D:1: Useless looping hallway in southeast corner.

Levels and vault maps discovered:
D:1:      psy_arrival_dodecagon, layout_basic,
          shapermc_ecumenical_altar_acropolis, serial_shops,
          nicolae_lakefront_shop, minmay_misc_feat_roman, nrook_mini_vaults

Skill      XL: |  1  2 |
---------------+-------+-----
Maces & Flails | 2 |  2.0
Fighting       | |  1.0
Stealth        | |  0.3
Spellcasting   | |  1.7
Hexes          | |  1.5
Invocations    | |  1.0
Evocations     | |  3.6

Action                   || total
-------------------------++-------
Melee: Mace              ||    49
       Bite              ||     4
       Punch             ||     2
 Cast: Slow              ||    12
Armor: Leather armour    ||    16
Dodge: Dodged            ||    31
